 Dungeon Crawl Stone Soup version 0.17-a0-1945-gfe993df (webtiles) character file.

60 Kusio the Cudgeler (level 4, 0/48 HPs)
             Began as an Ogre Berserker on Oct 1, 2015.
             Was a Believer of Trog.
             Slain by a hobgoblin (1 damage)
             ... led by Robin
             ... on level 2 of the Dungeon.
             The game lasted 00:02:51 (1074 turns).

Kusio the Cudgeler (Ogre Berserker)                 Turns: 1074, Time: 00:02:51

Health: 0/48       AC:  4    Str: 22    XL:     4   Next: 4%
Magic:  4/4        EV: 10    Int:  6    God:    Trog [**....]
Gold:   19         SH:  0    Dex: 10    Spells: 0 memorised, 3 levels left

rFire  . . .     SeeInvis .     a - +0 mace
rCold  . . .     Clarity  .     b - +0 animal skin
rNeg   . . .     SustAt   .     (no shield)
rPois  .         Gourm    .     (helmet restricted)
rElec  .         Spirit   .     g - +0 cloak
rCorr  .         Warding  .     (gloves unavailable)
rMut   .         Stasis   .     (boots unavailable)
MR     .....                    (no amulet)
Stlth  +.........               (no ring)
                                (no ring)

@: exhausted, slowed, very slow, not resistant to hostile enchantments, very
unstealthy
A: unfitting armour, tough skin 1
a: Burn Spellbooks, Berserk, Trog's Hand, Renounce Religion


You were on level 2 of the Dungeon.
You worshipped Trog.
Trog was pleased with you.
You were near starving.

You visited 1 branch of the dungeon, and saw 2 of its levels.

You collected 19 gold pieces.

Inventory:

Hand weapons
 a - a +0 mace (weapon)
Armour
 b - a +0 animal skin (worn)
 g - a +0 cloak (worn)
Jewellery
 i - an uncursed amulet of clarity {unknown}
Scrolls
 d - 4 scrolls of identify {unknown}
 e - a scroll of remove curse {unknown}
 f - a scroll of enchant weapon {unknown}
 l - a scroll of recharging {unknown}
Potions
 h - a potion of degeneration {unknown}
 j - a potion of might {unknown}
 k - a potion of invisibility {unknown}
Comestibles
 c - 3 bread rations
 m - a chunk of flesh


   Skills:
 - Level 4.0 Fighting
 + Level 6.3 Maces & Flails
 - Level 2.6 Dodging


You had 3 spell levels left.
You didn't know any spells.

Dungeon Overview and Level Annotations

Branches:
Dungeon (2/15)

Altars:


Innate Abilities, Weirdness & Mutations

You are too large for most types of armour.
You have tough skin (AC +1).


Message History

Items here: ) [[ † a dagger; an animal skin; a helmet; a hobgoblin corpse Eat a chunk of flesh? (ye/n/q/i?)
Okay, then.
You closely miss the hobgoblin. The hobgoblin hits you.
* * * LOW HITPOINT WARNING * * *
The hobgoblin hits you but does no damage.
You closely miss the hobgoblin. The hobgoblin hits you.
* * * LOW HITPOINT WARNING * * *
The hobgoblin hits you but does no damage.
You hit the hobgoblin.
The hobgoblin is moderately wounded.
The hobgoblin hits you.
* * * LOW HITPOINT WARNING * * *
You barely miss the hobgoblin.
The hobgoblin is moderately wounded.
The hobgoblin hits you.
* * * LOW HITPOINT WARNING * * *
The hobgoblin hits you.
You die...

# #.# #.##g#
####.##.#########
#......g#.......#######
#.##.#..#.##..........#
#.#..#.##.#......#.#
#.#..#.##.#...##.#.#
#.#.......g...##.#.#
#......##@###.##.#.#
#.÷......<).#<##.#.#
##.#.####.#)#.##.#.#
#.#.......÷.......#
#.#######.....#.###
#.#.........#.....
#.#.#####.#...#..## #.#
#.#..###.# #.#..# .#


You could see a hobgoblin.

Vanquished Creatures
  Robin (D:2)
  An adder (D:2)
  5 bats (D:1)
  3 giant cockroaches (D:1)
  8 goblins
  5 hobgoblins
  6 jackals
  2 kobolds
  2 giant newts
  3 rats
36 creatures vanquished.

Notes
Turn   | Place    | Note
--------------------------------------------------------------
     0 | D:1      | Kusio the Ogre Berserker began the quest for the Orb.
     0 | D:1      | Reached XP level 1. HP: 24/24 MP: 1/1
    46 | D:1      | Reached XP level 2. HP: 25/32 MP: 2/2
   183 | D:1      | Reached skill level 5 in Maces & Flails
   749 | D:1      | Reached XP level 3. HP: 39/39 MP: 3/3
   818 | D:2      | Acquired Trog's second power
   848 | D:2      | Noticed Robin
  1049 | D:2      | Killed Robin
  1049 | D:2      | Reached skill level 6 in Maces & Flails
  1063 | D:2      | Reached XP level 4. HP: 14/48 MP: 4/4
  1074 | D:2      | HP: 1/48 [hobgoblin[Robin] (5)]
  1074 | D:2      | Slain by a hobgoblin

Vault maps used:
D:1:      lightli_iron_boxes, serial_forest, infiniplex_forest_lined_2,
          infiniplex_forest_lined_room_2, infiniplex_forest_split,
          infiniplex_forest_clump_C, infiniplex_forest_straight_4,
          infiniplex_forest_zigzag_1, infiniplex_forest_lined_corner
D:2:      lemuel_doored_altar, lemuel_coloured_pillars_altar, uniq_robin

Action                   |  1- 3 |  4- 6 || total
-------------------------+-------+-------++-------
Melee: Mace              |   103 |     7 ||   110
Invok: Berserk           |     1 |       ||     1
